 Dungeon Crawl Stone Soup version 0.31.0-11-ge490571c62 (webtiles) character file.

Game seed: 4545184011352894956

133 qw the Skirmisher (level 4, 0/25 HPs)
             Began as a Deep Elf Hunter on Feb 3, 2024.
             Succumbed to an orc's poison
             ... on level 3 of the Dungeon.
             The game lasted 00:00:08 (1604 turns).

qw the Skirmisher (Deep Elf Hunter)                 Turns: 1604, Time: 00:00:08

Health: 0/25       AC:  6    Str: 10    XL:     4   Next: 93%
Magic:  1/6        EV:  9    Int: 14    God:
Gold:   82         SH:  0    Dex: 24    Spells: 3/3 levels left

rFire   . . .        a - +0 shortbow
rCold   + . .        (shield currently unavailable)
rNeg    . . .        f - +0 scale mail
rPois   .            (no helmet)
rElec   .            (no cloak)
rCorr   .            (no gloves)
SInv    .            (no boots)
Will    .....        l - amulet of guardian spirit
Stlth   +            k - +6 ring of dexterity
HPRegen 0.24/turn    j - ring of protection from cold
MPRegen 0.10/turn

%: guardian spirit
@: lethally poisoned (0 -> 0)
A: no striking features
a: no special abilities


You were on level 3 of the Dungeon.
You visited 1 branch of the dungeon, and saw 3 of its levels.

You collected 82 gold pieces.


   Skills:
 - Level 1.5 Fighting
 + Level 8.3 Ranged Weapons
 - Level 2.4 Dodging
 - Level 1.2 Stealth


You had 3 spell levels left.
You didn't know any spells.
Your spell library was empty.

Inventory:

Hand Weapons
 a - a +0 shortbow (weapon)
Armour
 f - a +0 scale mail (worn)
Jewellery
 j - a ring of protection from cold (right hand)
 k - a +6 ring of dexterity (left hand)
 l - an amulet of guardian spirit (around neck)
 Y - a +6 ring of strength
Wands
 b - a wand of mindburst (13)
 p - a wand of light (5)
Potions
 e - 2 potions of enlightenment {unknown}
 g - a potion of haste {unknown}
 o - a potion of mutation {unknown}

Dungeon Overview and Level Annotations

Branches:
Dungeon (3/15)

Altars:

Annotations:
D:2 1 runed translucent door, Crazy Yiuf
D:3 Ijyb


Message History

You kill the orc!
You shoot an arrow. The arrow hits the orc.
The orc is severely wounded.
An orc comes into view. It is wielding a +0 hand axe.
You shoot an arrow. The arrow barely misses the orc.
The arrow hits Ijyb!
Ijyb is moderately wounded.
A ribbon worm comes into view.
Ijyb screams, "Me kill you!"
You shoot an arrow. The arrow barely misses the orc.
The arrow misses Ijyb.
The arrow hits the orc.
The orc is lightly wounded.
You shoot an arrow. The arrow closely misses the orc.
The arrow closely misses Ijyb.
The arrow hits the orc.
The orc is heavily wounded.
A quokka comes into view.
Ijyb screams, "Level is mine!
All mine!"
Ijyb zaps a wand.
The roots erupt in riotous growth!
The orc is unaffected.
The grasping roots grab you! The grasping roots constrict you.
The orc hits you with a +1 short sword of venom.
You are poisoned.
The grasping roots constrict you.
The orc hits you with a +1 short sword of venom.
You shoot an arrow. The arrow hits the orc!
You kill the orc!
You feel sick. The grasping roots constrict you.
You shoot an arrow. The arrow hits Ijyb but does no damage.
Ijyb is moderately wounded.
You feel sick. Ijyb hits you with a +0 club. The grasping roots constrict you.
You shoot an arrow. The arrow completely misses Ijyb.
The arrow barely misses the orc.
The arrow hits the ribbon worm!
The ribbon worm is heavily wounded.
You feel sick. Ijyb hits you but does no damage.
The grasping roots constrict you. Ijyb hits you with a +0 club.
The grasping roots constrict you.
The grasping roots release their grip on you.
You shoot an arrow. The arrow closely misses Ijyb.
The arrow hits the orc but does no damage.
The orc is heavily wounded.
You die...

#.# #.# #># #.#
#.# #.# ######.#
#.# #......# #.#
#%###### #.# ..#
#.# ..#
#######.#######.
..#
#.......@gowr...
..#
#.#####.#######.
..# #.# ..# #.#
..#### #.#
........ #.#
######.# #.# #.#


You could see Ijyb, a ribbon worm, an orc and a quokka.

Vanquished Creatures
  Terence (D:1)
  Jessica (D:2)
  An adder (D:2)
  A ribbon worm (D:2)
  3 orcs (D:3)
  3 endoplasms (D:1)
  2 giant cockroaches
  10 goblins
  7 hobgoblins
  4 jackals (D:2)
  5 kobolds
  A quokka (D:3)
  6 ball pythons
  8 bats
  A frilled lizard (D:1)
  6 rats
60 creatures vanquished.

Notes
Turn   | Place    | Note
-------+----------+-------------------------------------------
     0 | D:1      | qw the Deep Elf Hunter began the quest for the Orb.
     0 | D:1      | Reached XP level 1. HP: 12/12 MP: 3/3
     0 | D:1      | 0 ||| qw: Version: 0.3-a-158-g18b3111
     0 | D:1      | 0 ||| qw: Game counter: 4073
     0 | D:1      | 0 ||| qw: Melee chars always use a shield: true
     0 | D:1      | 0 ||| qw: God list: Okawaru
     0 | D:1      | 0 ||| qw: Allow faded altars: false
     0 | D:1      | 0 ||| qw: Do Orc after clearing Dungeon:15 true
     0 | D:1      | 0 ||| qw: Do second Lair branch before Depths: true
     0 | D:1      | 0 ||| qw: Lair rune preference: random
     0 | D:1      | 0 ||| qw: Goals: Normal
     0 | D:1      | 0 ||| PLANNING D:1-11
    81 | D:1      | Reached XP level 2. HP: 14/16 MP: 4/4
    84 | D:1      | Reached skill level 6 in Ranged Weapons
   343 | D:1      | Reached XP level 3. HP: 20/20 MP: 5/5
   567 | D:1      | 567 ||| UPGRADING to +0 scale mail.
   577 | D:1      | 577 ||| DROPPING +0 leather armour.
   578 | D:1      | 578 ||| UPGRADING to amulet of guardian spirit.
   583 | D:1      | 583 ||| UPGRADING to +6 ring of strength.
   584 | D:1      | 584 ||| UPGRADING to ring of protection from cold.
   585 | D:1      | 585 ||| READING scroll labelled HOB QAEDWAKK.
   590 | D:1      | 590 ||| READING scroll labelled CECRYN TUREACS.
   691 | D:1      | 691 ||| READING scroll labelled NACVAREDIY.
   692 | D:1      | 692 ||| DROPPING scroll of butterflies.
   704 | D:2      | Noticed Terence
   711 | D:2      | 711 ||| STAIRDANCE
   719 | D:1      | Killed Terence
   720 | D:1      | Reached skill level 7 in Ranged Weapons
   786 | D:2      | Reached XP level 4. HP: 25/25 MP: 6/6
  1115 | D:2      | Noticed Jessica
  1118 | D:2      | Killed Jessica
  1119 | D:2      | Reached skill level 8 in Ranged Weapons
  1146 | D:2      | Noticed a great orb of eyes
  1149 | D:2      | Found a faded altar of an unknown god.
  1151 | D:2      | Noticed a glass eye
  1151 | D:2      | Noticed a shining eye
  1151 | D:2      | Noticed a great orb of eyes
  1244 | D:2      | Found a runed translucent door.
  1245 | D:2      | Noticed Crazy Yiuf
  1248 | D:2      | 1248 ||| UPGRADING to +6 ring of dexterity.
  1250 | D:2      | 1250 ||| DROPPING ring of ice.
  1251 | D:2      | 1251 ||| DROPPING ring of resist corrosion.
  1252 | D:2      | 1252 ||| READING scroll labelled ADDEFI JOSTA.
  1288 | D:2      | 1288 ||| READING scroll labelled OSUYMURENU.
  1288 | D:2      | 1288 ||| IDENTIFYING fizzy ruby potion
  1289 | D:2      | 1289 ||| READING scroll labelled DOWNAS CASUN.
  1290 | D:2      | 1290 ||| READING scroll labelled GEKHLA FESMUOKH.
  1291 | D:2      | 1291 ||| DROPPING potion of lignification.
  1595 | D:3      | Noticed Ijyb
  1603 | D:3      | HP: 6/25 [poisoned by an orc]
  1603 | D:3      | HP: 1/25 [constriction (3)]
  1604 | D:3      | Succumbed to an orc's poison

Levels and vault maps discovered:
D:1:      saegor_arrival_simple_e, layout_rooms,
          nicolae_kite_square_tiling_tiny, chequers_serial_rivers_micro_e,
          nrook_mini_backslash, minmay_pentomino_r2
D:2:      layout_rooms, hellmonk_ecumenical_altar_watching_god,
          kennysheep_pointless_box, uniq_terence, uniq_jessica,
          uniq_crazy_yiuf_cottage
D:3:      layout_loops_ring, nicolae_dithmenos_shadow_blocks, uniq_ijyb

Skill      XL: |  1  2  3  4 |
---------------+-------------+-----
Ranged Weapons | 6 7 8 |  8.3
Fighting       | |  1.5
Dodging        | |  2.4
Stealth        | |  1.2

Action                     |  1- 3 |  4- 6 || total
---------------------------+-------+-------++-------
   Fire: Shortbow          |   107 |    91 ||   198
    Use: Scroll            |     3 |     4 ||     7
 Armour: Leather armour    |    13 |       ||    13
         Scale mail        |     8 |    39 ||    47
  Dodge: Dodged            |    25 |    29 ||    54

Table legend:
 A = Non-vault XP
 B = Vault XP
 C = Vault XP percentage of total XP
 D = Non-vault monster count
 E = Vault monster count
 F = Vault count percentage of total count
                 A         B        C        D         E       F
            +---------+---------+-------+---------+---------+-------
      Total |     115 |      75 |  39.5 |      58 |       2 |   3.3
            +---------+---------+-------+---------+---------+-------
        D:1 |      55 |      38 |  40.9 |      34 |       1 |   2.9
        D:2 |      44 |      37 |  45.7 |      16 |       1 |   5.9
        D:3 |      16 |       0 |   0.0 |       8 |       0 |   0.0
            +---------+---------+-------+---------+---------+-------
